AoeStats
← Atlicious

Yucatan

510805946Analyzed
4v4 RM · 10h ago on Oct 2, 2026· 32m 10s· 8 players
Game mode
Random Map
Map size
Large (8 player)
Population
200
Speed
Normal
Resources
Standard
Victory
Conquest
Starting age
Dark Age
Ending age
Imperial Age
RankedLock teamsTeams togetherTeam positionsShared explorationLock speedFull tech treeHidden civsTurbo modeCheats
Victory
Defeat
🇬🇧 Maya · United Kingdom
1355
+10
🇮🇳 Mongols · India
1268
+13
🇳🇴 Italians · Norway
1210
+15
🇳🇱 Franks · Netherlands
1134
+20
🇨🇦 Romans · Canada
1214
-15
🇹🇷 Persians · Türkiye
1210
-15
🇧🇷 Vietnamese · Brazil
1196
-14
🇵🇹 Vikings · Portugal
1187
-14
mark4u.24
9:04 Loom
10:50 Feudal Age
15:53 Castle Age
14:01 Double-Bit Axe
16:16 Bloodlines
16:20 Scale Barding Armor
16:59 Bow Saw
17:42 Horse Collar
19:38 Fletching
26:29 Wheelbarrow
26:20 Squires
26:38 Pikeman
28:17 Hand Cart
34:06 Imperial Age
31:45 Heavy Plow
31:58 Scale Mail Armor
32:29 Ballistics
Irrayskel
10:28 Feudal Age
15:33 Castle Age
15:12 Double-Bit Axe
16:06 Bloodlines
16:02 Scale Barding Armor
16:33 Husbandry
18:43 Loom
21:16 Wheelbarrow
22:21 Hand Cart
31:10 Chain Barding Armor
darkdavixi
2:36 Loom
10:58 Feudal Age
11:57 Town Watch
14:48 Castle Age
13:45 Double-Bit Axe
19:43 Bow Saw
Capixo
5:17 Loom
7:58 Loom
10:13 Feudal Age
15:22 Castle Age
13:37 Double-Bit Axe
13:47 Gold Mining
14:37 Fletching
15:44 Crossbowman
16:57 Bow Saw
21:12 Bodkin Arrow
22:53 Horse Collar
25:48 Scale Mail Armor
27:39 Wheelbarrow
29:40 Heavy Plow
29:59 Hand Cart
29:32 Town Watch
34:57 Imperial Age
32:44 Bloodlines
32:34 Husbandry
32:41 Scale Barding Armor
Atlicious
7:33 Loom
9:25 Feudal Age
11:37 Double-Bit Axe
16:32 Castle Age
16:47 Fletching
16:44 Crossbowman
17:45 Bodkin Arrow
23:52 Stone Mining
24:39 Padded Archer Armor
24:59 Horse Collar
30:48 Imperial Age
29:33 Leather Archer Armor
30:43 Thumb Ring
Medina90
6:40 Loom
9:49 Feudal Age
11:00 Double-Bit Axe
17:06 Wheelbarrow
17:36 Gold Mining
21:20 Castle Age
19:46 Scale Barding Armor
19:51 Forging
22:29 Hand Cart
22:52 Bow Saw
23:25 Husbandry
29:20 Chain Barding Armor
32:47 Iron Casting
abli30
0:29 Loom
10:17 Feudal Age
11:18 Double-Bit Axe
14:42 Castle Age
13:04 Stone Mining
17:15 Wheelbarrow
17:12 Fletching
17:28 Gold Mining
18:23 Bodkin Arrow
22:51 Padded Archer Armor
27:09 Leather Archer Armor
28:21 Hand Cart
28:40 Ballistics
32:46 Imperial Age
The OG PinkMan
2:55 Loom
9:46 Feudal Age
11:37 Double-Bit Axe
16:44 Scale Barding Armor
20:56 Castle Age
20:00 Forging
20:02 Bloodlines
20:01 Gold Mining
19:54 Horse Collar
21:39 Wheelbarrow
21:08 Light Cavalry
23:03 Iron Casting
23:10 Husbandry
26:12 Chain Barding Armor
27:16 Heavy Plow
30:18 Gold Shaft Mining
30:04 Bow Saw
Connection lost

Rejoining the realm…

Still unreachable

The connection could not be restored.

Session expired

The server has moved on; the page needs a fresh start.